 Dungeon Crawl Stone Soup version 0.31.0-11-ge490571c62 (webtiles) character file.

Game seed: 17786875529529702006

883 qw the Shooter (level 7, -11/35 HPs)
             Began as a Spriggan Hunter on Feb 3, 2024.
             Was an Initiate of Okawaru.
             Killed from afar by a steam dragon (16 damage)
             ... with a ball of steam
             ... on level 6 of the Dungeon.
             The game lasted 00:01:18 (4341 turns).

qw the Shooter (Spriggan Hunter)                    Turns: 4341, Time: 00:01:19

Health: -11/35     AC:  3    Str:  7    XL:     7   Next: 76%
Magic:  8/8        EV: 28    Int: 10    God:    Okawaru [......]
Gold:   362        SH:  0    Dex: 21    Spells: 6/6 levels left

rFire   . . .        a - +1 shortbow
rCold   . . .        (shield currently unavailable)
rNeg    . . .        c - +0 robe
rPois   +            (helmet restricted)
rElec   .            i - +0 cloak
rCorr   .            (gloves unavailable)
SInv    +            (boots unavailable)
Will    +....        (no amulet)
Stlth   ++           d - +5 ring of evasion
HPRegen 0.25/turn    f - ring of poison resistance
MPRegen 0.11/turn

%: no passive effects
@: hasted, very quick
A: very small, no large weapons, unfitting armour, see invisible, speed 3
a: Renounce Religion


You were on level 6 of the Dungeon.
You worshipped Okawaru.
Okawaru was noncommittal.
You visited 1 branch of the dungeon, and saw 6 of its levels.

You collected 362 gold pieces.


Innate Abilities, Weirdness & Mutations

You are very small and have problems with some larger weapons.
You are too small for most types of armour.
You have supernaturally acute eyesight. (SInv)
You cover ground extremely quickly. (Speed+++)


   Skills:
 - Level 2.8 Fighting
 + Level 7.6 Ranged Weapons
 - Level 7.3 Dodging
 - Level 1.5 Stealth


You had 6 spell levels left.
You didn't know any spells.
Your spell library was empty.

Inventory:

Hand Weapons
 a - a +1 shortbow (weapon)
Armour
 c - a +0 robe (worn)
 i - a +0 cloak (worn)
Jewellery
 d - a +5 ring of evasion (left hand)
 e - a ring of fire
 f - a ring of poison resistance (right hand)
 h - a ring of protection from fire
Potions
 g - 2 potions of curing
 k - 3 potions of mutation

Dungeon Overview and Level Annotations

Branches:
Dungeon (6/15)
 Temple: D:4-7

Altars:
Fedhas
Makhleb
Okawaru
Uskayaw
Xom


Message History

You shoot an arrow.
The arrow hits the steam dragon but does no damage.
The steam dragon is heavily wounded.
You shoot an arrow.
The arrow hits the steam dragon but does no damage.
The steam dragon is heavily wounded.
You shoot an arrow. The arrow hits the steam dragon.
The steam dragon is heavily wounded.
The steam dragon breathes steam at you. The ball of steam hits you!!
Ouch! That really hurt!
You shoot an arrow. The arrow hits the steam dragon.
The steam dragon is severely wounded.
You are engulfed in a cloud of scalding steam.
You shoot an arrow. The arrow hits the steam dragon.
The steam dragon is severely wounded.
You are engulfed in a cloud of scalding steam.
The steam dragon misses you. The steam dragon barely misses you.
The orc wizard is engulfed in a cloud of scalding steam.
The orc wizard misses you.
The orc wizard is engulfed in a cloud of scalding steam.
The orc wizard completely misses you.
4338 ||| DRINKING potion of heal wounds.
You feel much better.
You are engulfed in a cloud of scalding steam.
The steam dragon bites you! The steam dragon barely misses you.
The orc wizard is engulfed in a cloud of scalding steam.
The orc wizard dies!
You shoot an arrow.
The arrow hits the steam dragon but does no damage.
The steam dragon is severely wounded.
The steam dragon bites you! The steam dragon barely misses you.
You shoot an arrow. The arrow hits the steam dragon.
The steam dragon is severely wounded.
You shoot an arrow.
The arrow hits the steam dragon but does no damage.
The steam dragon is severely wounded.
The steam dragon breathes steam at you. The ball of steam hits you!
You die...

..).. [... ...
#.. . ##.# ...
###..##
.....#.)¤..#
......D@¤..###
......##.....##
....# ##......#
..# ##.....#..#
. #...#### #.
##).## ##.(.#
##...## .#
#...##


You could see a steam dragon (catching breath).

Vanquished Creatures
  A black bear (D:5)
  An ogre (D:4)
  A phantom (D:5)
  A scorpion (D:5)
  A howler monkey (D:4)
  2 bombardier beetles
  5 hounds
  A water moccasin simulacrum (D:4)
  An iguana (D:5)
  Natasha (D:4)
  A scorpion zombie (D:4)
  A scorpion simulacrum (D:4)
  2 hound skeletons (D:4)
  A howler monkey zombie (D:4)
  5 adders
  3 river rats (D:4)
  A white imp (D:5)
  2 dart slugs
  5 orcs
  9 ball pythons
  6 endoplasms
  3 giant cockroaches
  7 goblins
  7 hobgoblins
  3 jackals (D:2)
  9 kobolds
  4 quokkas
  8 bats
  5 frilled lizards
  8 rats
105 creatures vanquished.

Vanquished Creatures (others)
  An orc wizard (D:6)
1 creature vanquished.

Grand Total: 106 creatures vanquished

Notes
Turn   | Place    | Note
-------+----------+-------------------------------------------
     0 | D:1      | qw the Spriggan Hunter began the quest for the Orb.
     0 | D:1      | Reached XP level 1. HP: 10/10 MP: 2/2
     0 | D:1      | 0 ||| qw: Version: 0.3-a-155-g5e7d8dd
     0 | D:1      | 0 ||| qw: Game counter: 3516
     0 | D:1      | 0 ||| qw: Melee chars always use a shield: true
     0 | D:1      | 0 ||| qw: God list: Okawaru
     0 | D:1      | 0 ||| qw: Allow faded altars: false
     0 | D:1      | 0 ||| qw: Do Orc after clearing Dungeon:15 true
     0 | D:1      | 0 ||| qw: Do second Lair branch before Depths: true
     0 | D:1      | 0 ||| qw: Lair rune preference: random
     0 | D:1      | 0 ||| qw: Goals: Normal
     0 | D:1      | 0 ||| PLANNING D:1-11
    52 | D:1      | Reached skill level 3 in Dodging
   166 | D:1      | Reached XP level 2. HP: 11/14 MP: 3/3
   690 | D:1      | 690 ||| READING scroll labelled PYHO TAETHA.
   690 | D:1      | 690 ||| ENCHANTING +0 shortbow.
   691 | D:1      | 691 ||| READING scroll labelled WOSOET GIJUAMP.
   696 | D:1      | 696 ||| READING 2 scrolls labelled HUDUUL XIJISH.
   697 | D:1      | 697 ||| DRINKING 2 golden potions.
   698 | D:1      | 698 ||| DROPPING scroll of butterflies.
   699 | D:1      | 699 ||| DROPPING potion of brilliance.
   700 | D:1      | 700 ||| DROPPING scroll of immolation.
   898 | D:2      | Reached XP level 3. HP: 18/18 MP: 4/4
   937 | D:2      | Found a faded altar of an unknown god.
  1422 | D:2      | 1422 ||| UPGRADING to +5 ring of evasion.
  1423 | D:2      | 1423 ||| UPGRADING to ring of poison resistance.
  1424 | D:2      | 1424 ||| READING scroll labelled FYUZAO METZ.
  1425 | D:2      | 1425 ||| READING scroll labelled XECRAQ CACAC.
  1425 | D:2      | 1425 ||| IDENTIFYING orange potion
  1426 | D:2      | 1426 ||| DRINKING 2 fizzy red potions.
  1427 | D:2      | 1427 ||| DROPPING potion of berserk rage.
  1536 | D:3      | Found a hide-covered altar of Uskayaw.
  1713 | D:3      | Found a blossoming altar of Fedhas.
  1713 | D:3      | Found a shimmering altar of Xom.
  1714 | D:3      | Found a burning altar of Makhleb.
  1829 | D:3      | Reached XP level 4. HP: 22/22 MP: 5/5
  2009 | D:3      | 2009 ||| READING 3 scrolls of identify.
  2009 | D:3      | 2009 ||| IDENTIFYING fizzy white potion
  2010 | D:3      | 2010 ||| READING 2 scrolls of identify.
  2010 | D:3      | 2010 ||| IDENTIFYING murky clear potion
  2011 | D:3      | 2011 ||| READING scroll of identify.
  2011 | D:3      | 2011 ||| IDENTIFYING scroll labelled YSOKAI VAKHLOS
  2012 | D:3      | 2012 ||| DROPPING scroll of vulnerability.
  2013 | D:3      | 2013 ||| DROPPING potion of attraction.
  2036 | D:4      | 2036 ||| PLANNING SEWER
  2110 | D:4      | Noticed an ogre
  2112 | D:4      | 2112 ||| RETREEEEATING.
  2114 | D:4      | 2114 ||| RETREEEEATING.
  2123 | D:4      | Killed an ogre
  2124 | D:4      | Reached XP level 5. HP: 28/28 MP: 6/6
  2212 | D:4      | Reached XP level 6. HP: 31/32 MP: 7/7
  2356 | D:4      | 2356 ||| RETREEEEATING.
  2359 | D:4      | Reached skill level 6 in Ranged Weapons
  2378 | D:4      | Reached skill level 6 in Dodging
  2401 | D:4      | 2401 ||| FLEEEEING.
  2402 | D:4      | 2402 ||| FLEEEEING.
  2403 | D:4      | 2403 ||| FLEEEEING.
  2404 | D:4      | 2404 ||| FLEEEEING.
  2405 | D:4      | 2405 ||| FLEEEEING.
  2406 | D:4      | 2406 ||| FLEEEEING.
  2407 | D:4      | 2407 ||| FLEEEEING.
  2408 | D:4      | 2408 ||| FLEEEEING.
  2409 | D:4      | 2409 ||| FLEEEEING.
  2410 | D:4      | 2410 ||| FLEEEEING.
  2414 | D:4      | 2414 ||| FLEEEEING.
  2418 | D:4      | 2418 ||| FLEEEEING.
  2419 | D:4      | 2419 ||| FLEEEEING.
  2420 | D:4      | 2420 ||| FLEEEEING.
  2421 | D:4      | 2421 ||| FLEEEEING.
  2423 | D:4      | 2423 ||| FLEEEEING.
  2424 | D:4      | 2424 ||| FLEEEEING.
  2425 | D:4      | 2425 ||| FLEEEEING.
  2426 | D:4      | 2426 ||| FLEEEEING.
  2429 | D:4      | 2429 ||| FLEEEEING.
  2430 | D:4      | 2430 ||| FLEEEEING.
  2431 | D:4      | 2431 ||| FLEEEEING.
  2432 | D:4      | 2432 ||| FLEEEEING.
  2433 | D:4      | 2433 ||| FLEEEEING.
  2434 | D:4      | 2434 ||| FLEEEEING.
  2435 | D:4      | 2435 ||| FLEEEEING.
  2565 | D:4      | Found an iron altar of Okawaru.
  2857 | D:4      | 2857 ||| FLEEEEING.
  2858 | D:4      | 2858 ||| FLEEEEING.
  2889 | D:4      | Found a glowing drain.
  2890 | D:4      | 2890 ||| RIP SEWER
  2890 | D:4      | 2890 ||| PLANNING OKAWARU WORSHIP
  2923 | D:4      | 2923 ||| UPGRADING to +0 cloak.
  2928 | D:4      | 2928 ||| READING scroll of identify.
  2928 | D:4      | 2928 ||| IDENTIFYING scroll labelled SIDYID KAEFEGH
  2929 | D:4      | 2929 ||| DROPPING scroll of noise.
  3006 | D:4      | Became a worshipper of Warmaster Okawaru
  3007 | D:4      | 3007 ||| PLANNING D:1-11
  3074 | D:4      | Noticed Natasha
  3081 | D:4      | Killed Natasha
  3082 | D:4      | Reached XP level 7. HP: 29/35 MP: 8/8
  3136 | D:4      | Identified the +3 dagger of Zoomoisa {pain, rPois SInv
                  | Stlth+}
  3284 | D:5      | Entered Level 5 of the Dungeon
  4191 | D:5      | 4191 ||| READING scroll of identify.
  4191 | D:5      | 4191 ||| IDENTIFYING metallic sapphire potion
  4192 | D:5      | 4192 ||| DRINKING 2 smoky inky potions.
  4193 | D:5      | 4193 ||| DRINKING 2 brown potions.
  4194 | D:5      | 4194 ||| DROPPING potion of invisibility.
  4326 | D:6      | Noticed a steam dragon
  4327 | D:6      | 4327 ||| DRINKING potion of haste.
  4337 | D:6      | HP: 7/35 [steam dragon] (7)]
  4338 | D:6      | 4338 ||| DRINKING potion of heal wounds.
  4341 | D:6      | Killed from afar by a steam dragon

Levels and vault maps discovered:
D:1:      saegor_arrival_simple_c, layout_loops_ring
D:2:      layout_loops_ring, shapermc_ecumenical_altar_notcrosses, minivault_14
D:3:      layout_loops_ring, gammafunk_temple_overflow_claw,
          mainiacjoe_overflow_paths
D:4:      layout_loops_cross, mainiacjoe_overflow_six_doors_small,
          portal_sewer_entry_e, dilly_guarded_unrand_morg
D:5:      layout_loops_corners, st_stairs_8
D:6:      layout_cave_pods, minmay_temple_entry_statues_pillars, serial_shops,
          nicolae_square_shop

Skill      XL: |  1  2  3  4  5  6  7 |
---------------+----------------------+-----
Dodging        | 3 4 5 6 7 |  7.3
Ranged Weapons | 5 6 7 |  7.6
Fighting       | 2 |  2.8
Stealth        | |  1.5

Action                     |  1- 3 |  4- 6 |  7- 9 || total
---------------------------+-------+-------+-------++-------
   Fire: Shortbow          |   119 |   141 |    91 ||   351
    Use: Scroll            |     5 |     4 |     1 ||    10
         Potion            |     2 |       |     4 ||     6
 Armour: Robe              |    11 |    16 |    16 ||    43
  Dodge: Dodged            |    41 |    69 |    45 ||   155

Table legend:
 A = Non-vault XP
 B = Vault XP
 C = Vault XP percentage of total XP
 D = Non-vault monster count
 E = Vault monster count
 F = Vault count percentage of total count
                 A         B        C        D         E       F
            +---------+---------+-------+---------+---------+-------
      Total |    1019 |     243 |  19.3 |      88 |      17 |  16.2
            +---------+---------+-------+---------+---------+-------
        D:1 |      24 |       0 |   0.0 |      16 |       0 |   0.0
        D:2 |      48 |       0 |   0.0 |      24 |       0 |   0.0
        D:3 |      41 |       0 |   0.0 |      15 |       0 |   0.0
        D:4 |     398 |     230 |  36.6 |      21 |      15 |  41.7
        D:5 |     457 |      13 |   2.8 |       9 |       2 |  18.2
        D:6 |      51 |       0 |   0.0 |       3 |       0 |   0.0
            +---------+---------+-------+---------+---------+-------
